Workbook

Sheet Акт
A1: АКТ № 75/6-2017
A2: приемки оказанных услуг и (или) выполненных работ по содержанию и текущему ремонту общего имущества в многоквартирном доме № 6 квартала 75.
A3: г. Ангарск | D3: "31" марта 2018 г.
A5: Наименование вида работы (услуги) | B5: Периодичность/ количественный показатель выполненной работы (оказанной услуги) | C5: Единица измерения работы (услуги) | D5: Стоимость /сметная стоимость выполненной работы (оказанной услуги) за единицу | E5: Цена выполненной работы (оказанной услуги), в рублях
A6: Аварийное обслуживание
A7: Аварийное обслуживание | B7: Ежедневно | C7: руб. | D7: =E7 -> 1621.31 | E7: 1621.31
A8: Благоустройство
A9: Выкашивание газонов | B9: 3000 | C9: м2 | D9: =E9/B9 -> 3.9500033 | E9: 11850.01
A10: Обрезка деревьев высотой: более 5 м | B10: 1 | C10: 1 дерево | D10: =E10/B10 -> 2173.36 | E10: 2173.36
A11: Переустановка скамейки | B11: 1 | C11: шт | D11: =E11/B11 -> 638.99 | E11: 638.99
A12: Устройство скамейки со спинки и с окраской | B12: 1 | C12: шт | D12: =E12/B12 -> 3546.49 | E12: 3546.49
A13: Устройство скамейки со спинкой | B13: 1 | C13: шт | D13: =E13/B13 -> 2526.88 | E13: 2526.88
A14: Вывоз и утилизация ТКО, в т.ч. крупногабаритного мусора
A15: Услуги по вывозу и утилизации ТБО, в т.ч. крупногабаритного мусора | B15: Ежедневно | C15: руб. | D15: =E15 -> 24943.2 | E15: 24943.2
A16: Обслуживание и текущий ремонт электрооборудования жилых домов
A17: Обслуживание и текущий ремонт электрооборудования жилых домов | B17: По плану | C17: руб. | D17: =E17 -> 134.8 | E17: 134.8
A18: Обслуживание инженерного оборудования
A19: Запуск системы отопления. | B19: 1 | C19: 1 здание | D19: =E19/B19 -> 796.94 | E19: 796.94
A20: Опрессовка ТУ диаметром: до 50 мм | B20: 0.07 | C20: 100 м | D20: =E20/B20 -> 3731 | E20: 261.17
A21: Осмотр системы центрального отопления, устройств в чердачных и подвальных помещениях. | B21: 0.95 | C21: 1000 м2 | D21: =E21/B21 -> 1581.2737 | E21: 1502.21
A22: Осмотр СТО | B22: 0.08 | C22: 100 квартир | D22: =E22/B22 -> 22680.875 | E22: 1814.47
A23: Осмотр СТО в чердачных и подвальных помещениях (весенний и осенний) | B23: 0.65 | C23: 1000 м2 | D23: =E23/B23 -> 1559.1077 | E23: 1013.42
A24: Осмотр, РХВ замеры | B24: 0.03 | C24: 100 шт. | D24: =E24/B24 -> 22591.333 | E24: 677.74
A25: Отключение системы отопления (консервация) - прим. | B25: 1 | C25: 1 здание | D25: =E25/B25 -> 384.58 | E25: 384.58
A26: Очистка канализационной сети: внутренней | B26: 0.05 | C26: 100 м | D26: =E26/B26 -> 14082.6 | E26: 704.13
A27: Перевод отопления с подачи на обратку или с обратки на подачу | B27: 4 | C27: узел | D27: =E27/B27 -> 160.43 | E27: 641.72
A28: Перекрытие потока воды: отопление, ГВС | B28: 1 | C28: 1 узел | D28: =E28/B28 -> 63.74 | E28: 63.74
A29: Подготовка элеваторного узла Д-50 к зиме | B29: 1 | C29: шт | D29: =E29/B29 -> 2918.24 | E29: 2918.24
A30: Сдача ИТП представителю энергоснабжающей организации, составление акта | B30: 1 | C30: 1 ИТП | D30: =E30/B30 -> 438.91 | E30: 438.91
... A33: Устранение течи из гибких подводок присоединения санитарных приборов | B33: 4 | C33: 1 соединение | D33: =E33/B33 -> 106.7125 | E33: 426.85
A34: Обслуживание конструктивных элементов
A35: Осмотр кровли, чердака, подъездов, подвального помещения - весенний осмотр | B35: 0.684 | C35: 1000 м2 | D35: =E35/B35 -> 1641.4474 | E35: 1122.75
A36: Очистка чердака от снега | B36: 12 | C36: 1 м 2 основания | D36: =E36/B36 -> 34.838333 | E36: 418.06
A37: Проверка наличия тяги в ДВ и вент. каналах | B37: 0.06 | C37: 1000 м2 | D37: =E37/B37 -> 1827 | E37: 109.62
A38: Расходы на истребование задолженности по оплате жилых помещений
A39: Истребование дебиторской задолженности | C39: руб. | E39: 5579.9
A40: Текущий ремонт инженерного оборудования
A41: Замена шарового крана Д-40 | B41: 1 | C41: шт | E41: 3184.56
A42: Очистка фильтра от накипи (отложений) | B42: 2 | C42: шт | E42: 1873.8
A43: Прочистка вентиляционных каналов. | B43: 0.01 | C43: 100 м | E43: 109.96
A44: Ремонт смесителя без душа, без снятия с места замена кран-буксы | B44: 4 | C44: 1 смеситель | E44: 494.09
A45: Смена отдельных участков трубопроводов канализации из полиет. труб высокой пл-ти: гориз. д 50 мм | B45: 1 | C45: 1 участок | E45: 1071.01
A46: Текущий ремонт конструктивных элементов жилых зданий
A47: Демонтаж-монтаж жалюзийных решеток | B47: 0.01 | C47: 100 шт. | E47: 205.89
A48: М. Ремонт оконных переплетов (пристрожка, установка угольников, укрепление) | B48: 2 | C48: 1 створка | E48: 608.57
A49: Постановка заклепок в местах соединения труб | B49: 0.2 | C49: 100 шт. | E49: 1035.08
A50: Смена частей водосточных труб: отливов (отметов) | B50: 0.01 | C50: 100 шт. | E50: 606.52
A51: Транспортные расходы
A52: Услуги а/вышки | B52: По факту | C52: руб. | D52: =E52 -> 387.59 | E52: 387.59
A53: Услуги автотранспорта | B53: По факту | C53: руб. | D53: =E53 -> 1562.5 | E53: 1562.5
A54: Уборка придомовой территории
A55: Уборка придомовой территории | B55: Еженедельно | C55: м2 | D55: =E55 -> 49013.39 | E55: 49013.39
A56: Услуги по управлению МКД
A57: Услуги по управлению МКД | B57: Ежедневно | C57: руб. | D57: =E57 -> 16000.98 | E57: 16000.98
A58: Итого: | E58: =SUM(E6:E57) -> 150010.99
A60: Всего за период с "01" января 2017 г. по "31"декабря 2017 г. выполнено работ (оказано услуг)
A61: на общую сумму 150 010,99 руб. (Сто пятьдесят тысяч десять рублей 99 копеек).
A62: Работы (услуги) выполнены (оказаны) полностью, в установленные сроки, с надлежащим качеством.
A63: Претензий по выполнению условий Договора Стороны друг к другу не имеют.
A64: Настоящий Акт составлен в 2-х экземплярах, имеющих одинаковую юридическую силу,
A65: по одному для каждой из Сторон.
A67: Подписи Сторон:
A69: Исполнитель - Директор ООО "ЖЭУ № 6" Плотников А.А. | C69: __________________________
A70: (должность, ФИО) | C70: (подпись)
A72: Заказчик - ____________________________________________________ | C72: __________________________
A73: (ФИО) | C73: (подпись)

Sheet Бюджет
A1: Отчет по бюджету № 75/6-2017
A3: Период: с 01.01.2017 по 31.12.2017 года.
A5: Строение / По типу работ | B5: Расходы | C5: Начисления | D5: Поступления
A6: Долг за выполненные работы на 01.01.2017 г. | D6: 34575.08
A7: Cодержание жилья | C7: 118568.4 | D7: 108093.24
A8: Вывоз и утилизация ТКО | C8: 22183.2 | D8: 21477.27
A9: Обслуживание ВДГО | C9: 1552.8 | D9: 1431.6
A10: Техническое обслуживание нежилых помещений | C10: 17705.4 | D10: 17705.4
A11: Аварийное обслуживание | B11: =Акт!E7 -> 1621.31
A12: Благоустройство | B12: =SUM(Акт!E9:E13) -> 20735.73
A13: Вывоз и утилизация ТКО, в т.ч. крупногабаритного мусора | B13: =Акт!E15 -> 24943.2
A14: Обслуживание и текущий ремонт электрооборудования жилых домов | B14: =Акт!E17 -> 134.8
A15: Обслуживание инженерного оборудования | B15: =SUM(Акт!E19:E33) -> 19191.68
A16: Обслуживание конструктивных элементов | B16: =SUM(Акт!E35:E37) -> 1650.43
A17: Расходы на истребование задолженности по оплате жилых помещений | B17: =Акт!E39 -> 5579.9
A18: Текущий ремонт инженерного оборудования | B18: =SUM(Акт!E41:E45) -> 6733.42
A19: Текущий ремонт конструктивных элементов жилых зданий | B19: =SUM(Акт!E47:E50) -> 2456.06
A20: Транспортные расходы | B20: =SUM(Акт!E52:E53) -> 1950.09
A21: Уборка придомовой территории | B21: =Акт!E55 -> 49013.39
A22: Услуги по управлению МКД | B22: =Акт!E57 -> 16000.98
A23: Итого: | B23: =SUM(B7:B22) -> 150010.99 | C23: =SUM(C7:C22) -> 160009.8 | D23: =SUM(D7:D22) -> 148707.51
A24: Долг за выполненные работы (доходы за минусом расходов) на 01.01.2018 г. - 35 878,56 руб. | E24: =D23-D6-B23 -> -35878.56
A25: Задолженность по оплате за содержание и текущий ремонт на 01.01.2018 г. - 70 301,26 руб.
A27: Директор ООО "ЖЭУ №6" Плотников А.А. __________________
A28: Отчет составил: экономист Сундукова Ю.А. _______________
A29: Отчет получил: ________________________________________________________
A30: Дата __________________

Sheet 2018
A1: Отчет по бюджету № 75/6-2018
A3: Период: с 01.01.2018 по 31.12.2018 года.
A5: ОБЩИЕ СВЕДЕНИЯ ОБ ОБЪЕКТЕ
A6: Этажность | B6: 3 | C6: Общая жилая площадь, м2 | D6: 924.3 | E6: Площадь кровли, м2 | F6: 646.5
A7: Количество подъездов | B7: 2 | C7: Площадь нежилых помещений, м2 | D7: 115 | E7: Площадь чердаков, м2 | F7: 417.1
A8: Количество квартир | B8: 16 | C8: Площадь л/ клеток, тамбуров, лифтов, м/камер, м2 | D8: 102 | E8: Площадь подвалов, м2 | F8: 164.5
A11: Наименование | F11: Значение
A12: Переходящие остатки денежных средств за выполненые работы (на начало периода; + резерв, - долг) | F12: -35878.56
A13: Задолженность по оплате за содержание и текущий ремонт общего имущества МКД (на начало периода) | F13: =60689.55+428.36 -> 61117.91
A14: Начислено за работы (услуги) по содержанию и текущему ремонту и аренду общего имущества МКД, в том числе: | F14: =SUM(F15:F17) -> 160011.08
A15: - за жилые помещения | F15: 142305.68
A16: - за нежилые помещения | F16: 17705.4
A17: - за рекламу и аренду общего имущества МКД
A18: Получено денежных средств, в т. ч: | F18: =SUM(F19:F21) -> 152981.15
A19: - за жилые помещения | F19: 139702.1
A20: - за нежилые помещения | F20: 13279.05
A21: - за рекламу и аренду общего имущества МКД
A22: Всего денежных средств с учетом остатков | F22: =F12+F18 -> 117102.59
A23: Выполненные работы (оказанные услуги) по содержанию общего имущества и текущему ремонту в отчетном периоде | F23: ='Акт (2)'!E66 -> 152815.11
A24: Переходящие остатки денежных средств за выполненые работы (на конец периода; + резерв, - долг) | F24: =F22-F23 -> -35712.523
A25: Задолженность по оплате за содержание и текущий ремонт общего имущества МКД (на конец периода) | F25: =F13+F14-F18 -> 68147.84
A27: Директор ООО "ТРЭК" Плотников А.А. __________________
A28: Отчет составил: экономист Осипова М.С. _______________
A29: Отчет получил: ________________________________________________________
A30: Дата __________________

Sheet Акт (2)
A1: АКТ № 75/6-2018
A2: приемки оказанных услуг и (или) выполненных работ по содержанию и текущему ремонту общего имущества в многоквартирном доме № 6 квартала 75.
A3: г. Ангарск | D3: "31" марта 2019 г.
A5: Наименование вида работы (услуги) | B5: Периодичность/ количественный показатель выполненной работы (оказанной услуги) | C5: Единица измерения работы (услуги) | D5: Стоимость /сметная стоимость выполненной работы (оказанной услуги) за единицу | E5: Цена выполненной работы (оказанной услуги), в рублях
A6: Аварийное обслуживание
A7: Аварийное обслуживание | B7: Ежедневно | C7: руб. | D7: =E7 -> 1621.31 | E7: 1621.31
A8: Благоустройство
A9: Окраска известковыми составами: по кирпичу и бетону (бордюр. столбики, столбы) | B9: 0.316 | C9: 100 м2 | D9: =E9/B9 -> 4714.9367 | E9: 1489.92
A10: Окраска МАФ по дереву | B10: 0.009 | C10: 100 м2 | D10: =E10/B10 -> 18094.444 | E10: 162.85
A11: Ремонт деревянной катальной горки (Прим) | B11: 0.028 | C11: 100 м досок | D11: =E11/B11 -> 18301.429 | E11: 512.44
A12: Ремонт скамейки без спинки | B12: 1 | C12: шт | D12: =E12/B12 -> 713.21 | E12: 713.21
A13: Вывоз и утилизация ТКО, в т.ч. крупногабаритного мусора
A14: Вывоз и утилизация ТКО, в т.ч. крупногабаритный мусор | B14: Ежедневно | C14: руб. | D14: =E14 -> 24943.2 | E14: 24943.2
A15: Обслуживание газового оборудования
A16: Техобслуживание газового оборудования | B16: По договору | C16: 1 стояк | D16: =E16 -> 3265.99 | E16: 3265.99
A17: Обслуживание и текущий ремонт электрооборудования жилых домов
A18: Обслуживание и текущий ремонт электрооборудования жилых домов | B18: По плану | C18: руб. | D18: =E18 -> 2656.12 | E18: =101.1+2555.02 -> 2656.12
A19: Обслуживание инженерного оборудования
A20: Запуск потока воды: отопление, ГВС | B20: 1 | C20: 1 узел | D20: =E20/B20 -> 83.75 | E20: 83.75
A21: Запуск системы отопления. | B21: 1 | C21: 1 здание | D21: =E21/B21 -> 839.52 | E21: 839.52
A22: Опрессовка ТУ диаметром: до 50 мм | B22: 0.07 | C22: 100 м | D22: =E22/B22 -> 6095.4286 | E22: 426.68
A23: Осмотр выпусков канализации (засоры, подпоры) прим. | B23: 1 | C23: 1 здание | D23: =E23/B23 -> 254.67 | E23: 254.67
A24: Осмотр системы центрального отопления, устройств в чердачных и подвальных помещениях. | B24: 0.27 | C24: 1000 м2 | D24: =E24/B24 -> 1728.7778 | E24: 466.77
A25: Осмотр СТО | B25: 0.09 | C25: 100 квартир | D25: =E25/B25 -> 25424.889 | E25: 2288.24
A26: Осмотр СТО в чердачных и подвальных помещениях (весенний и осенний) | B26: 1.783 | C26: 1000 м2 | D26: =E26/B26 -> 1679.8317 | E26: 2995.14
A27: Отключение системы отопления (консервация) - прим. | B27: 1 | C27: 1 здание | D27: =E27/B27 -> 503.4 | E27: 503.4
A28: Очистка канализационной сети: внутренней | B28: 0.03 | C28: 100 м | D28: =E28/B28 -> 15225.333 | E28: 456.76
A29: Перевод отопления с подачи на обратку или с обратки на подачу | B29: 2 | C29: узел | D29: =E29/B29 -> 218.605 | E29: 437.21
A30: Перекрытие потока воды: отопление, ГВС | B30: 1 | C30: 1 узел | D30: =E30/B30 -> 67.25 | E30: 67.25
A31: Подготовка элеваторного узла Д-50 к зиме | B31: 1 | C31: шт | D31: =E31/B31 -> 3686.27 | E31: 3686.27
... A38: Снятие и запись замера в наряде (ИТП,РХВ) | B38: 30 | C38: 1 ИТП | D38: =E38/B38 -> 254.28233 | E38: 7628.47
A39: Обслуживание конструктивных элементов
A40: Осмотр кровли, чердака, люков | B40: 0.17 | C40: 1000 м2 | D40: =E40/B40 -> 1517.1176 | E40: 257.91
A41: Осмотр кровли, чердака, подъездов, подвального помещения -подготовка к зиме | B41: 0.683 | C41: 1000 м2 | D41: =E41/B41 -> 1651.2299 | E41: 1127.79
A42: Очистка кровли от снега, сбивание сосулей | B42: 50 | C42: 1 м 2 основания | D42: =E42/B42 -> 81.5306 | E42: 4076.53
A43: Очистка желобов от мусора: вручную (при расчете 1 кг. мусора = 1 м 1 желоба) с вышки | B43: 40 | C43: м | D43: =E43/B43 -> 197.128 | E43: 7885.12
A44: Очистка чердака от снега | B44: 1.5 | C44: 1 м 2 основания | D44: =E44/B44 -> 49.1 | E44: 73.65
A45: Плановые проверки вентиляционных каналов и оголовков | C45: м2 | D45: =E45 -> 1975.56 | E45: 1975.56
A46: Расходы на истребование задолженности по оплате жилых помещений
A47: Истребование дебиторской задолженности | B47: По факту | C47: руб. | D47: =E47 -> 1052.9 | E47: 1052.9
A48: Текущий ремонт инженерного оборудования
A49: Осмотр замеры рамок холодной воды | B49: 0.01 | C49: чел.-ч | D49: =E49/B49 -> 25297 | E49: 252.97
A50: Текущий ремонт конструктивных элементов жилых зданий
A51: Монтаж аншлагов, стенда, вывески, доски объявления и т.д. | B51: 0.02 | C51: 100 шт. | D51: =E51/B51 -> 57079.5 | E51: 1141.59
A52: Постановка заклепок в местах соединения труб | B52: 0.15 | C52: 100 шт. | D52: =E52/B52 -> 5106.2 | E52: 765.93
A53: Рыхление шлака на чердаке | B53: 2 | C53: м2 | D53: =E53/B53 -> 222.935 | E53: 445.87
A54: Смена частей водосточных труб: отливов (отметов) | B54: 0.01 | C54: 100 шт. | D54: =E54/B54 -> 53537 | E54: 535.37
A55: Смена частей водосточных труб: прямых звеньев с земли, лестниц или подмостей | B55: 0.011 | C55: 100 м | D55: =E55/B55 -> 48387.273 | E55: 532.26
A56: Установка и крепление наличников | B56: 0.05 | C56: 100 м | E56: 173.08
A57: Транспортные расходы
A58: Услуги автотранспорта | B58: По факту | C58: руб. | D58: =E58 -> 2750 | E58: 2750
A59: Уборка придомовой территории
A60: Уборка придомовой территории | B60: По тарифу | C60: м2 | D60: =E60 -> 49013.39 | E60: 49013.39
A61: Услуги по вывозу и утилизации листвы, веток, деревьев, скошенной травы , смета и др. | B61: По факту | C61: руб. | D61: =E61 -> 611.34 | E61: 611.34
A62: Уборка чердаков и подвалов
A63: Уборка, очистка чердаков и подвалов | B63: По факту | C63: м2 | D63: =E63 -> 223.72 | E63: 223.72
A64: Услуги по управлению МКД
A65: Услуги по управлению МКД | B65: Ежедневно | C65: руб. | D65: =E65 -> 13892.283 | E65: =SUM(E7:E63)*10% -> 13892.283
A66: Итого: | E66: =SUM(E7:E65) -> 152815.11
A68: Всего за период с "01" января 2018 г. по "31"декабря 2018 г. выполнено работ (оказано услуг) на общую сумму 152 815,11 руб. (Сто пятьдесят две тысячи восемьсот пятнадцать рублей 11 копеек)
A70: Работы (услуги) выполнены (оказаны) полностью, в установленные сроки, с надлежащим качеством.
A71: Претензий по выполнению условий Договора Стороны друг к другу не имеют.
A72: Настоящий Акт составлен в 2-х экземплярах, имеющих одинаковую юридическую силу, по одному для каждой из Сторон.
A76: Подписи Сторон:
A78: Исполнитель - Директор ООО "ТРЭК" Плотников А.А. | C78: __________________________
A79: (должность, ФИО) | C79: (подпись)
A81: Заказчик - ____________________________________________________ | C81: __________________________
A82: (ФИО) | C82: (подпись)

Sheet 2019
A1: Отчет по бюджету № 75/6-2019
A3: Период: с 01.01.2019 по 31.12.2019 года.
A5: ОБЩИЕ СВЕДЕНИЯ ОБ ОБЪЕКТЕ
A6: Этажность | B6: 3 | C6: Общая жилая площадь, м2 | D6: 924.3 | E6: Площадь кровли, м2 | F6: 646.5
A7: Количество подъездов | B7: 2 | C7: Площадь нежилых помещений, м2 | D7: 115 | E7: Площадь чердаков, м2 | F7: 417.1
A8: Количество квартир | B8: 16 | C8: Площадь л/ клеток, тамбуров, лифтов, м/камер, м2 | D8: 102 | E8: Площадь подвалов, м2 | F8: 164.5
A11: Наименование | F11: Значение
A12: Переходящие остатки денежных средств за выполненые работы (на начало периода; + резерв, - долг) | F12: -35712.523
A13: Задолженность по оплате за содержание и текущий ремонт общего имущества МКД (на начало периода) | F13: 68147.84
A14: Начислено за работы (услуги) по содержанию и текущему ремонту и аренду общего имущества МКД, в том числе: | F14: =SUM(F15:F17) -> 168503.06
A15: - за жилые помещения | F15: =142971.33+7283.18 -> 150254.51
A16: - за нежилые помещения | F16: 18248.55
A17: - за рекламу и аренду общего имущества МКД
A18: Получено денежных средств, в т. ч: | F18: =SUM(F19:F21) -> 169688.55
A19: - за жилые помещения | F19: 151471.05
A20: - за нежилые помещения | F20: 18217.5
A21: - за рекламу и аренду общего имущества МКД
A22: Всего денежных средств с учетом остатков | F22: =F12+F18 -> 133976.03
A23: Выполненные работы (оказанные услуги) по содержанию общего имущества и текущему ремонту в отчетном периоде | F23: =Лист3!E70 -> 123392.09
A24: Переходящие остатки денежных средств за выполненые работы (на конец периода; + резерв, - долг) | F24: =F22-F23 -> 10583.934
A25: Задолженность по оплате за содержание и текущий ремонт общего имущества МКД (на конец периода) | F25: =F13+F14-F18 -> 66962.35
A27: Директор ООО "ТРЭК" Плотников А.А. __________________
A28: Отчет составил: экономист Осипова М.С. _______________
A29: Отчет получил: ________________________________________________________
A30: Дата __________________

Sheet Лист3
A2: .
A3: АКТ № 75/6
A4: приемки оказанных услуг и (или) выполненных работ по содержанию
A5: и текущему ремонту общего имущества в многоквартирном доме
A6: г. Ангарск | E6: 31 марта 2020 г.
A8: Собственники помещений в многоквартином доме, расположенном по адресу: ________________________ , именуемые в дальнейшем "Заказчик", в лице ___________________________________________________________________________________,
A9: являющегося собственником квартиры № _____, находящейся в данном многоквартирном доме, действующего на основании протокола общего собрания собственников, с одной стороны, и управляющая компания ООО "ТРЭК", именуемая в дальнейшем
A10: "Исполнитель", в лице директора Плотникова А.А., действующего на основании Устава, с другой стороны, совместно именуемые "Стороны", составили настоящий акт о нижеследующем:
A11: 1. Исполнителем предъявлены к приемке следующие оказанные на основании договора управления многоквартирным домом или договора оказания услуг по содержанию и (или) выполнению работ по ремонту общего имущества в многоквартирном
A12: доме, либо договора подряда по выполнению работ по ремонту общего имущества в многоквартирном доме (указать нужное) № _______ от "____" ___________________ ______ г. (далее - "Договор") услуги и (или) выполненные работы по содержанию
A13: и текущему ремонту общего имущества в многоквартирном доме № _____, расположенном по адресу: ______________________:
A14: Наименование вида работы (услуги) | B14: Периодичность / количественный показатель выполненной работы (оказанной услуги) | C14: Единица измерения работы (услуги) | D14: Стоимость / сметная стоимость выполненной работы (оказанной услуги) за единицу | E14: Цена выполненной работы (оказанной услуги), в рублях
A15: Аварийное обслуживание
A16: Аварийное обслуживание | B16: Ежедневно | C16: руб. | D16: 0.13 | E16: 1621.31
A17: Благоустройство и обеспечение санитарного состояния МКД и придомовой територии
A18: Вырезка сухих ветвей деревьев лиственных пород д: более 350 мм при кол-ве до 5 ветвей | B18: 1 | C18: 1 дерево | D18: =E18/B18 -> 830.2 | E18: 830.2
A19: Обрезка деревьев высотой: более 5 м без формовки | B19: 1 | C19: 1 дерево | D19: =E19/B19 -> 957.44 | E19: 957.44
A20: Разделка древесины мягких пород, полученной от валки леса, диам. стволов: до 20 см | B20: 0.01 | C20: 100 шт. | D20: =E20/B20 -> 10468 | E20: 104.68
A21: Разделка древесины мягких пород, полученной от валки леса, диам. стволов: до 16 см | B21: 0.05 | C21: 100 шт. | D21: =E21/B21 -> 6410 | E21: 320.5
A22: Уборка придомовой территории и лестничных клеток | B22: По тарифу | C22: м2 | D22: =E22 -> 56122.2 | E22: 56122.2
A23: Уборка чердаков и подвалов | B23: По тарифу | C23: м2 | D23: =E23 -> 956.32 | E23: 956.32
A24: Услуги спец.техники по благоустройству (очистка наледи, снега) | B24: По факту | C24: руб. | D24: =E24 -> 572.18 | E24: 572.18
A25: Изготовление ключей
A26: Изготовление ключей | B26: По факту | C26: шт | D26: =E26 -> 150 | E26: 150
A27: Обслуживание газового оборудования
A28: Диагностирование газового оборудования | B28: По договору | C28: руб. | D28: =E28 -> 7650 | E28: 7650
A29: Техобслуживание газового оборудования | B29: По договору | C29: 16 стояков | D29: =E29 -> 1700 | E29: 1700
A30: Обслуживание и текущий ремонт инженерного оборудования
A31: Регулировка температуры отопления в ИТП вентилями | B31: 1 | C31: шт | D31: =E31/B31 -> 303.61 | E31: 303.61
A32: Установка предохранительных клапанов | B32: 1 | C32: шт | D32: =E32/B32 -> 2028.85 | E32: 2028.85
A33: Запуск потока воды: отопление, ГВС | B33: 1 | C33: 1 узел | D33: =E33/B33 -> 91.38 | E33: 91.38
A34: Запуск системы отопления. | B34: 1 | C34: 1 здание | D34: =E34/B34 -> 907.5 | E34: 907.5
A35: Осмотр и устранение мелких неисправностей на РХВ | B35: 1 | C35: шт | D35: =E35/B35 -> 150.94 | E35: 150.94
A36: Осмотр системы центрального отопления, устройств в чердачных и подвальных помещениях. | B36: 0.1 | C36: 1000 м2 | D36: =E36/B36 -> 1791.3 | E36: 179.13
A37: Осмотр СТО | B37: 0.06 | C37: 100 квартир | D37: =E37/B37 -> 27150.167 | E37: 1629.01
A38: Осмотр СТО в чердачных и подвальных помещениях (весенний и осенний) | B38: 1.363 | C38: 1000 м2 | D38: =E38/B38 -> 1821.9663 | E38: 2483.34
A39: Отключение системы отопления (консервация) - прим. | B39: 1 | C39: 1 здание | D39: =E39/B39 -> 549.39 | E39: 549.39
A40: Очистка канализационной сети: внутренней | B40: 0.1 | C40: 100 м | D40: =E40/B40 -> 15822.3 | E40: 1582.23
A41: Перевод отопления с подачи на обратку или с обратки на подачу | B41: 4 | C41: узел | D41: =E41/B41 -> 225.345 | E41: 901.38
A42: Перекрытие потока воды: отопление, ГВС | B42: 1 | C42: 1 узел | D42: =E42/B42 -> 73.4 | E42: 73.4
... A47: Снятие и запись замера в наряде (ИТП,РХВ) | B47: 32 | C47: 1 ИТП | D47: =E47/B47 -> 271.35219 | E47: 8683.27
A48: Обслуживание и текущий ремонт конструктивных элементов
A49: Демонтаж п/ящиков (1 блок, 4 секции) | B49: 0.033 | C49: т | D49: =E49/B49 -> 16725.152 | E49: 551.93
A50: Монтаж п/ящиков (1 блок, 4 секции) | B50: 0.033 | C50: т | D50: =E50/B50 -> 23774.545 | E50: 784.56
A51: Постановка заклепок в местах соединения труб | B51: 0.08 | C51: 100 шт. | D51: =E51/B51 -> 4076.5 | E51: 326.12
A52: Смена частей водосточных труб: прямых звеньев с земли, лестниц или подмостей | B52: 0.033 | C52: 100 м | D52: =E52/B52 -> 49872.727 | E52: 1645.8
A53: Установка оконных приборов: ручек, навесов | B53: 0.01 | C53: 100 шт. | D53: =E53/B53 -> 35419 | E53: 354.19
A54: Установка частей водосточных труб (отметов) | B54: 0.01 | C54: 100 шт. | D54: =E54/B54 -> 45941 | E54: 459.41
A55: Осмотр квартир | B55: 0.01 | C55: 100 квартир | D55: =E55/B55 -> 27498 | E55: 274.98
A56: Осмотр кровли, чердака, подъездов, подвального помещения - весенний осмотр | B56: 0.683 | C56: 1000 м2 | D56: =E56/B56 -> 1814.2753 | E56: 1239.15
A57: Осмотр кровли, чердака, подъездов, подвального помещения -подготовка к зиме | B57: 0.683 | C57: 1000 м2 | D57: =E57/B57 -> 1834.2606 | E57: 1252.8
A58: Очистка поверхностей стен, дверей и т.д. от льда и снега | B58: 0.5 | C58: 1 м 2 основания | D58: =E58/B58 -> 111.22 | E58: 55.61
A59: Плановые проверки вентиляционных каналов и оголовков | B59: По графику | C59: 1000 м2 | D59: =E59 -> 1421.82 | E59: 1421.82
A60: Проверка исправности канализационных вытяжек (по жалобе) | B60: 0.2 | C60: 1000 м2 | D60: =E60/B60 -> 1926.2 | E60: 385.24
A61: Прогрев системы вентиляции | B61: 1 | C61: 1 стояк | D61: =E61/B61 -> 255.33 | E61: 255.33
A62: Смена дверных приборов: пружин | B62: 0.01 | C62: 100 приборов | D62: =E62/B62 -> 35621 | E62: 356.21
A63: Смена ухватов для водосточных труб: в каменных стенах | B63: 0.01 | C63: 100 шт. | D63: =E63/B63 -> 30539 | E63: 305.39
A64: Обслуживание и текущий ремонт электрооборудования жилых домов
A65: Обслуживание и текущий ремонт электрооборудования жилых домов | B65: По договору | C65: руб. | D65: =E65 -> 2681.39 | E65: 2681.39
A66: Расходы на истребование задолженности по оплате жилых помещений
A67: Истребование дебиторской задолженности | B67: По факту | C67: руб. | D67: =E67 -> 620.67 | E67: 620.67
A68: Услуги по управлению МКД
A69: Услуги по управлению МКД | B69: Ежедневно | C69: руб. | D69: =E69 -> 11217.463 | E69: =SUM(E15:E67)*10% -> 11217.463
A70: Итого: | E70: =SUM(E15:E69) -> 123392.09
A72: 2. Всего за период с "01"января 2019 г. по "31"декабря 2019 г. выполнено работ на общую сумму 123392.09 руб. (Сто двадцать три тысячи триста девяносто два рубля 9 копеек)
A73: 3. Работы (услуги) выполнены (оказаны) полностью, в установленные сроки, с надлежащим качеством.
A74: 4. Претензий по выполнению условий Договора Стороны друг к другу не имеют.
A75: Настоящий акт составлен в 2-х экземплярах, имеющих одинаковую юридическую силу, по одному для каждой из Сторон.
A77: Исполнитель - Директор ООО "ТРЭК", Плотников А.А.
A78: ________________________________________________________ ____________________________________
D79: (подпись)
A81: Заказчик - ___________________________________________________________ __________________________________
D82: (подпись)

Sheet 2020
A1: Отчет по бюджету № 75/6-2020
A3: Период: с 01.01.2020 по 31.12.2020 года.
A5: ОБЩИЕ СВЕДЕНИЯ ОБ ОБЪЕКТЕ
A6: Этажность | B6: 3 | C6: Общая жилая площадь, м2 | D6: 924.3 | E6: Площадь кровли, м2 | F6: 646.5
A7: Количество подъездов | B7: 2 | C7: Площадь нежилых помещений, м2 | D7: 115 | E7: Площадь чердаков, м2 | F7: 417.1
A8: Количество квартир | B8: 16 | C8: Площадь л/ клеток, тамбуров, лифтов, м/камер, м2 | D8: 102 | E8: Площадь подвалов, м2 | F8: 164.5
A11: Наименование | F11: Значение
A12: Переходящие остатки денежных средств за выполненые работы (на начало периода; + резерв, - долг) | F12: 10583.934
A13: Задолженность по оплате за содержание и текущий ремонт общего имущества МКД (на начало периода) | F13: 66962.35
A14: Начислено за работы (услуги) по содержанию и текущему ремонту и аренду общего имущества МКД, в том числе: | F14: =SUM(F15:F17) -> 167131.77
A15: - за жилые помещения | F15: =143359.2+1473.57 -> 144832.77
A16: - за нежилые помещения | F16: 17836.5
A17: - за рекламу и аренду общего имущества МКД | F17: 4462.5
A18: Получено денежных средств, в т. ч: | F18: =SUM(F19:F21) -> 210444.99
A19: - за жилые помещения | F19: =187357.12+1473.57 -> 188830.69
A20: - за нежилые помещения | F20: 17833.05
A21: - за рекламу и аренду общего имущества МКД | F21: 3781.25
A22: Всего денежных средств с учетом остатков | F22: =F12+F18 -> 221028.92
A23: Выполненные работы (оказанные услуги) по содержанию общего имущества и текущему ремонту в отчетном периоде | F23: =Лист1!E76 -> 151817.03
A24: Переходящие остатки денежных средств за выполненные работы (на конец периода; + резерв, - долг) | F24: =F22-F23 -> 69211.893
A25: Задолженность по оплате за содержание и текущий ремонт общего имущества МКД (на конец периода) | F25: =F13+F14-F18 -> 23649.13 | H25: =18078.67+5570.46 -> 23649.13
A27: Директор ООО "ТРЭК" Плотников А.А. __________________
A28: Отчет составил: экономист Осипова М.С. _______________
A29: Отчет получил: ________________________________________________________
A30: Дата __________________

Sheet Лист1
A2: .
B3: АКТ № 75/6
A4: приемки оказанных услуг и (или) выполненных работ по содержанию
A5: и текущему ремонту общего имущества в многоквартирном доме
A6: г. Ангарск | E6: 31 марта 2021 г.
A8: Собственники помещений в многоквартином доме, расположенном по адресу: ________________________ , именуемые в дальнейшем "Заказчик", в лице ___________________________________________________________________________________,
A9: являющегося собственником квартиры № _____, находящейся в данном многоквартирном доме, действующего на основании протокола общего собрания собственников, с одной стороны, и управляющая компания ООО "ТРЭК", именуемая в дальнейшем
A10: "Исполнитель", в лице директора Плотникова А.А., действующего на основании Устава, с другой стороны, совместно именуемые "Стороны", составили настоящий акт о нижеследующем:
A11: 1. Исполнителем предъявлены к приемке следующие оказанные на основании договора управления многоквартирным домом или договора оказания услуг по содержанию и (или) выполнению работ по ремонту общего имущества в многоквартирном
A12: доме, либо договора подряда по выполнению работ по ремонту общего имущества в многоквартирном доме (указать нужное) № _______ от "____" ___________________ ______ г. (далее - "Договор") услуги и (или) выполненные работы по содержанию
A13: и текущему ремонту общего имущества в многоквартирном доме № _____, расположенном по адресу: ______________________:
A15: Наименование вида работы (услуги) | B15: Периодичность / количественный показатель выполненной работы (оказанной услуги) | C15: Единица измерения работы (услуги) | D15: Стоимость / сметная стоимость выполненной работы (оказанной услуги) за единицу | E15: Цена выполненной работы (оказанной услуги), в рублях
A16: Аварийное обслуживание
A17: Аварийное обслуживание | B17: Ежедневно | C17: руб. | D17: 0.13 | E17: 1621.31
A18: Благоустройство и обеспечение санитарного состояния МКД и придомовой територии
A19: Вывоз листвы и смета | B19: По факту | C19: м2 | D19: =E19 -> 154.44 | E19: 154.44
A20: Дезинфекция мест общего пользования МКД | B20: По факту | C20: м2 | D20: =E20 -> 612 | E20: 612
A21: Окраска известковыми составами: по кирпичу и бетону (бордюр. столбики, столбы) | B21: По факту | C21: 100 м2 | D21: =E21 -> 1757.28 | E21: 1757.28
A22: Окраска известковыми составами: по кирпичу и бетону (бордюр. столбики, столбы) за 2019 год | B22: По факту | C22: 100 м2 | D22: =E22 -> 1565.64 | E22: 1565.64
A23: Уборка придомовой территории и лестничных клеток | B23: По тарифу | C23: м2 | D23: =E23 -> 51944.21 | E23: 51944.21
A24: Уборка чердаков и подвалов | B24: По тарифу | C24: м2 | D24: =E24 -> 166.13 | E24: 166.13
A25: Обслуживание газового оборудования
A26: Техобслуживание газового оборудования | B26: По договору | C26: 16 стояков | D26: =E26 -> 1910 | E26: 1910
A27: Обслуживание и текущий ремонт инженерного оборудования
A28: Изоляция трубопровода матами с совмещенным покрывным слоем | B28: 0.009 | C28: 1 м3 | D28: =E28/B28 -> 22393.333 | E28: 201.54
A29: Консервация системы отопления | B29: 1 | C29: 100 м | D29: =E29/B29 -> 724.61 | E29: 724.61
A30: Осмотр кровли,чердака,подъездов,подвала,фасада-после землетр-ия, в т.ч. рем-т выявленных повреждений | B30: По факту | C30: 1000 м2 | D30: =E30 -> 1369.78 | E30: 1369.78
A31: Проверка работ-ти запорной арматуры, устранение мелких неисправностей, проверка работы ПУ РХВ | B31: 0.01 | C31: 100 шт. | D31: =E31/B31 -> 30407 | E31: 304.07
A32: Слив и наполнение водой системы | B32: 4.97 | C32: 1000 м3 | D32: =E32/B32 -> 205.61972 | E32: 1021.93
A33: Смена отдельных участков трубопроводов диаметром: 20 мм | B33: 1 | C33: 1 участок | D33: =E33/B33 -> 1187.88 | E33: 1187.88
A34: Запуск потока воды: отопление, ГВС, ХВС | B34: 5 | C34: 1 узел | D34: =E34/B34 -> 101.032 | E34: 505.16
A35: Запуск системы отопления. | B35: 1 | C35: 1 здание | D35: =E35/B35 -> 1012.36 | E35: 1012.36
A36: Осмотр подвальных помещений | B36: 0.17 | C36: 1000 м2 | D36: =E36/B36 -> 1813.7059 | E36: 308.33
A37: Осмотр СТО | B37: 0.07 | C37: 100 квартир | D37: =E37/B37 -> 29738.429 | E37: 2081.69
A38: Осмотр СТО в чердачных и подвальных помещениях (весенний и осенний) | B38: 1.367 | C38: 1000 м2 | D38: =E38/B38 -> 2008.6467 | E38: 2745.82
A39: Осмотр, замеры, опломбировка ПУ Т/У с представителем | B39: 0.01 | C39: 100 шт. | D39: =E39/B39 -> 30102 | E39: 301.02
A40: Осмотр, проверка работы приборов ИТП, РХВ | B40: 1 | C40: шт | D40: =E40/B40 -> 315.79 | E40: 315.79
A41: Перевод отопления с подачи на обратку или с обратки на подачу | B41: 5 | C41: узел | D41: =E41/B41 -> 251.826 | E41: 1259.13
A42: Перекрытие потока воды: отопление, ГВС, ХВС | B42: 5 | C42: 1 узел | D42: =E42/B42 -> 80.992 | E42: 404.96
... A48: Снятие и запись замера в наряде (ИТП,РХВ) | B48: 34 | C48: 1 ИТП | D48: =E48/B48 -> 299.94471 | E48: 10198.12
A49: Обслуживание и текущий ремонт конструктивных элементов
A50: Герметизация вводов в подвальное помещение | B50: 0.01 | C50: 100 шт. | D50: =E50/B50 -> 34929 | E50: 349.29
A51: Демонтаж МАФ (металлические) | B51: 1 | C51: шт | D51: =E51/B51 -> 1464.25 | E51: 1464.25
A52: Осмотр кровли,чердака,подъездов,подвала,фасада-после землетр-ия, в т.ч. рем-т выявленных повреждений | B52: По факту | C52: 1000 м2 | D52: =E52 -> 1498.13 | E52: 1498.13
A53: Постановка заклепок в местах соединения труб | B53: 0.1 | C53: 100 шт. | D53: =E53/B53 -> 4365 | E53: 436.5
A54: Ремонт полотен чердачного люка: (выдергивание гвоздей, подгонка, укрепление) | B54: 1 | C54: шт | D54: =E54/B54 -> 469.49 | E54: 469.49
A55: Смена частей водосточных труб: отливов (отметов) | B55: 0.01 | C55: 100 шт. | D55: =E55/B55 -> 57901 | E55: 579.01
A56: Установка частей водосточных труб (отметов) | B56: 0.03 | C56: 100 шт. | D56: =E56/B56 -> 16314 | E56: 489.42
A57: Установка частей водосточных труб с земли, лестниц и подмостей | B57: 0.011 | C57: 100 м | D57: =E57/B57 -> 11311.818 | E57: 124.43
A58: Осмотр кровли, чердака, подъездов, подвального помещения - весенний осмотр | B58: 0.683 | C58: 1000 м2 | D58: =E58/B58 -> 2025.4758 | E58: 1383.4
A59: Осмотр кровли, чердака, подъездов, подвального помещения -подготовка к зиме | B59: 0.683 | C59: 1000 м2 | D59: =E59/B59 -> 2007.9502 | E59: 1371.43
A60: Очистка кровли от снега толщ. 10см, сбивание сосулей | B60: 60 | C60: 1 м 2 основания | D60: =E60/B60 -> 80.764667 | E60: 4845.88
A61: Очистка воронки и колен от мусора, снега (вышка) | B61: 6 | C61: шт | D61: =E61/B61 -> 521.11 | E61: 3126.66
A62: Очистка желобов от мусора: вручную (при расчете 1 кг. мусора = 3 м 1 желоба) - в. | B62: 10 | C62: м | D62: =E62/B62 -> 100.501 | E62: 1005.01
A63: Очистка чердака от снега | B63: 2 | C63: 1 м 2 основания | D63: =E63/B63 -> 60.145 | E63: 120.29
A64: Плановые проверки вентиляционных каналов и оголовков | B64: По плану | C64: 1000 м2 | D64: =E64 -> 2289.36 | E64: 2289.36
A65: Укрепление дверных приборов: петли (шарниры), шпингалеты, ручки накладные | B65: 0.02 | C65: 100 шт. | D65: =E65/B65 -> 54317 | E65: 1086.34
A66: Обслуживание и текущий ремонт электрооборудования жилых домов
A67: Обслуживание и текущий ремонт электрооборудования жилых домов | B67: По договору | C67: руб. | D67: =E67 -> 3519.37 | E67: 3519.37
A68: Обслуживание ОДПУ
A69: Техническое обслуживание ОДПУ | B69: По договору | C69: руб. | D69: =E69 -> 9000 | E69: 9000
A70: Расходы на истребование задолженности по оплате жилых помещений. Содержание информационных систем
A71: Содержание информационных систем, обеспечивающих сбор, обработку и хранение данных | B71: По факту | C71: руб. | D71: =E71 -> 249.43 | E71: 249.43
A72: Текущий ремонт
A73: Установка прожекторов и фотореле | B73: По плану | C73: шт | D73: =E73 -> 4450.67 | E73: 4450.67
A74: Услуги по управлению МКД
A75: Услуги по управлению МКД | B75: Ежедневно | C75: руб. | D75: =E75 -> 19802.221 | E75: =SUM(E17:E73)*15% -> 19802.221
A76: Итого: | E76: =SUM(E17:E75) -> 151817.03
A79: 2. Всего за период с "01"января 2020 г. по "31"декабря 2020 г. выполнено работ на общую сумму 151817.03 руб. (Сто пятьдесят одна тысяча восемьсот семнадцать рублей 3 копейки)
A80: 3. Работы (услуги) выполнены (оказаны) полностью, в установленные сроки, с надлежащим качеством.
A81: 4. Претензий по выполнению условий Договора Стороны друг к другу не имеют.
A82: Настоящий акт составлен в 2-х экземплярах, имеющих одинаковую юридическую силу, по одному для каждой из Сторон.
A85: Исполнитель - Директор ООО "ТРЭК", Плотников А.А.
A86: ____________________________________________ ____________________________________
D87: (подпись)
A89: Заказчик - ________________________________________ __________________________________
D90: (подпись)

Sheet 2021
A1: Отчет по бюджету № 75/6-2021
A3: Период: с 01.01.2021 по 31.12.2021 года.
A5: ОБЩИЕ СВЕДЕНИЯ ОБ ОБЪЕКТЕ
A6: Этажность | B6: 3 | C6: Общая жилая площадь, м2 | D6: 924.3 | E6: Площадь кровли, м2 | F6: 646.5
A7: Количество подъездов | B7: 2 | C7: Площадь нежилых помещений, м2 | D7: 115 | E7: Площадь чердаков, м2 | F7: 417.1
A8: Количество квартир | B8: 16 | C8: Площадь л/ клеток, тамбуров, лифтов, м/камер, м2 | D8: 102 | E8: Площадь подвалов, м2 | F8: 164.5
A11: Наименование | F11: Значение
A12: Переходящие остатки денежных средств за выполненые работы (на начало периода; + резерв, - долг) | F12: 69211.893
A13: Задолженность по оплате за содержание и текущий ремонт общего имущества МКД (на начало периода) | F13: 23649.13
A14: Начислено за работы (услуги) по содержанию и текущему ремонту и аренду общего имущества МКД, в том числе: | F14: =SUM(F15:F17) -> 169638.45
A15: - за жилые помещения | F15: 148599.9
A16: - за нежилые помещения | F16: 18488.55
A17: - за рекламу и аренду общего имущества МКД | F17: 2550
A18: Получено денежных средств, в т. ч: | F18: =SUM(F19:F21) -> 150056.6
A19: - за жилые помещения | F19: 129796.04
A20: - за нежилые помещения | F20: 17710.56
A21: - за рекламу и аренду общего имущества МКД | F21: 2550
A22: Всего денежных средств с учетом остатков | F22: =F12+F18 -> 219268.49
A23: Выполненные работы (оказанные услуги) по содержанию общего имущества и текущему ремонту в отчетном периоде | F23: =акт21!E82 -> 168559.08
A24: Переходящие остатки денежных средств за выполненные работы (на конец периода; + резерв, - долг) | F24: =F22-F23-0.01 -> 50709.406
A25: Задолженность по оплате за содержание и текущий ремонт общего имущества МКД (на конец периода) | F25: =F13+F14-F18 -> 43230.98
A27: Директор ООО "ТРЭК" Плотников А.А. __________________
A28: Отчет составил: экономист _______________
A29: Отчет получил: ________________________________________________________
A30: Дата __________________

Sheet акт21
A2: .
A3: АКТ № 75/6
A4: приемки оказанных услуг и (или) выполненных работ по содержанию
A5: и текущему ремонту общего имущества в многоквартирном доме
A6: г. Ангарск | E6: 31 марта 2022 г.
A8: Собственники помещений в многоквартином доме, расположенном по адресу: ________________________ , именуемые в дальнейшем "Заказчик", в лице ___________________________________________________________________________________,
A9: являющегося собственником квартиры № _____, находящейся в данном многоквартирном доме, действующего на основании протокола общего собрания собственников, с одной стороны, и управляющая компания ООО "ТРЭК", именуемая в дальнейшем
A10: "Исполнитель", в лице директора Плотникова А.А., действующего на основании Устава, с другой стороны, совместно именуемые "Стороны", составили настоящий акт о нижеследующем:
A11: 1. Исполнителем предъявлены к приемке следующие оказанные на основании договора управления многоквартирным домом или договора оказания услуг по содержанию и (или) выполнению работ по ремонту общего имущества в многоквартирном
A12: доме, либо договора подряда по выполнению работ по ремонту общего имущества в многоквартирном доме (указать нужное) № _______ от "____" ___________________ ______ г. (далее - "Договор") услуги и (или) выполненные работы по содержанию
A13: и текущему ремонту общего имущества в многоквартирном доме № _____, расположенном по адресу: ______________________:
A15: Наименование вида работы (услуги) | B15: Периодичность / количественный показатель выполненной работы (оказанной услуги) | C15: Единица измерения работы (услуги) | D15: Стоимость / сметная стоимость выполненной работы (оказанной услуги) за единицу | E15: Цена выполненной работы (оказанной услуги), в рублях
A16: Аварийное обслуживание
A17: Аварийное обслуживание | B17: Ежедневно | C17: руб. | D17: 0.14 | E17: 1552.82
A18: Благоустройство и обеспечение санитарного состояния МКД и придомовой територии
A19: Ручная односторонняя сварка деталей контейнера из листовой стали | B19: По факту | C19: 10 м | D19: =E19 -> 126.98 | E19: 126.98
A20: Услуги по вывозу и утилизации листвы, веток, деревьев, скошенной травы , смета и др. | B20: По факту | C20: руб. | D20: =E20 -> 279.14 | E20: 279.14
A21: Услуги спец.техники по благоустройству (очистка наледи, снега) | B21: По факту | C21: руб. | D21: =E21 -> 1205.44 | E21: 1205.44
A22: Уборка придомовой территории и лестничных клеток | B22: По тарифу | C22: м2 | D22: =E22 -> 52754.88 | E22: 52754.88
A23: Уборка чердаков и подвалов | B23: По тарифу | C23: м2 | D23: =E23 -> 748.32 | E23: 748.32
A24: Обслуживание и текущий ремонт инженерного оборудования
A25: Смена отдельных участков трубопроводов диаметром: 15 мм | B25: 1 | C25: 1 участок | D25: =E25/B25 -> 1193.26 | E25: 1193.26
A26: Смена отдельных участков трубопроводов диаметром: 20 мм | B26: 1 | C26: 1 участок | D26: =E26/B26 -> 1326.58 | E26: 1326.58
A27: Установка манометров | B27: 3 | C27: шт | D27: =E27/B27 -> 752.69 | E27: 2258.07
A28: Установка термометра | B28: 4 | C28: комплект | D28: =E28/B28 -> 308.885 | E28: 1235.54
A29: Временная заделка свищей и трещин на внутренних трубопроводах и стояках. | B29: 1 | C29: 1 место | D29: =E29/B29 -> 262.03 | E29: 262.03
A30: Вскрытие элеваторов со снятием с места и замером сопла (прим) | B30: 0.01 | C30: 100 шт. | D30: =E30/B30 -> 77585 | E30: 775.85
A31: Запуск потока воды: отопление, ГВС, ХВС | B31: 4 | C31: 1 узел | D31: =E31/B31 -> 98.4225 | E31: 393.69
A32: Запуск системы отопления. | B32: 1 | C32: 1 здание | D32: =E32/B32 -> 1005.22 | E32: 1005.22
A33: Опрессовка ТУ диаметром: до 100 мм | B33: 1 | C33: 100 м | D33: =E33/B33 -> 725.48 | E33: 725.48
A34: Осмотр и устранение мелких неисправностей на РХВ | B34: 1 | C34: шт | D34: =E34/B34 -> 149.54 | E34: 149.54
A35: Осмотр СТО | B35: 0.07 | C35: 100 квартир | D35: =E35/B35 -> 29847.857 | E35: 2089.35
A36: Осмотр СТО в ИТП, РХВ | B36: 0.01 | C36: 100 шт. | D36: =E36/B36 -> 30081 | E36: 300.81
... A47: Снятие и запись замера в наряде (ИТП,РХВ) | B47: 35 | C47: 1 ИТП | D47: =E47/B47 -> 302.28914 | E47: 10580.12
A48: Обслуживание и текущий ремонт конструктивных элементов
A49: Демонтаж доски объявления | B49: 0.01 | C49: 100 шт. | D49: =E49/B49 -> 32795 | E49: 327.95
A50: Демонтаж- монтаж засыпки перекрытия: с укладкой толя | B50: 0.018 | C50: 100 м2 | D50: =E50/B50 -> 127871.67 | E50: 2301.69
A51: Ремонт металлических ограждении: средний | B51: 0.7 | C51: м2 | D51: =E51/B51 -> 2623.5571 | E51: 1836.49
A52: Окраска контейнера | B52: По факту | C52: 100 м2 | D52: =E52 -> 182.86 | E52: 182.86
A53: Осмотр кровли,чердака,подъездов,подвала,фасада-после землетр-ия, в т.ч. рем-т выявленных повреждений | B53: 0.646 | C53: 1000 м2 | D53: =E53/B53 -> 2104.7368 | E53: 1359.66
A54: Постановка заклепок в местах соединения труб | B54: 0.01 | C54: 100 шт. | D54: =E54/B54 -> 4544 | E54: 45.44
A55: Смена: колен водосточных труб с вышки | B55: 0.01 | C55: 100 шт. | D55: =E55/B55 -> 167115 | E55: 1671.15
A56: Смена: прямых звеньев водосточных труб с автовышек | B56: 0.011 | C56: 100 м | D56: =E56/B56 -> 132856.36 | E56: 1461.42
A57: Установка частей водосточных труб (отметов) | B57: 0.01 | C57: 100 шт. | D57: =E57/B57 -> 48085 | E57: 480.85
A58: Устройство и разборка неинвентарных лесов | B58: 0.1 | C58: 100 м2 | D58: =E58/B58 -> 23597.8 | E58: 2359.78
A59: Устройство тепло- и звукоизоляции сплошной из плит: или матов минераловатные | B59: 0.012 | C59: 1 м3 | D59: =E59/B59 -> 24955.833 | E59: 299.47
A60: Осмотр кровли, чердака, подъездов, подвального помещения - весенний осмотр | B60: 0.683 | C60: 1000 м2 | D60: =E60/B60 -> 2012.123 | E60: 1374.28
A61: Осмотр кровли, чердака, подъездов, подвального помещения - осенний осмотр | B61: 0.68 | C61: 1000 м2 | D61: =E61/B61 -> 2022.1176 | E61: 1375.04
A62: Осмотр оголовков вент. каналов с целью предотвращения закупорки в зимнее время с записью в спец. жур | B62: 1.293 | C62: 1000 м2 | D62: =E62/B62 -> 610.44857 | E62: 789.31
A63: Осмотр СТО в чердачных и подвальных помещениях (весенний и осенний) | B63: 0.683 | C63: 1000 м2 | D63: =E63/B63 -> 2005.6808 | E63: 1369.88
A64: Очистка кровли от снега толщ. 10см, сбивание сосулей | B64: 34 | C64: 1 м 1 основания | D64: =E64/B64 -> 81.418235 | E64: 2768.22
A65: Проверка исправности вент. каналов, правильного расположения оголовков относ. крыши и наличия тяги | B65: 1.064 | C65: 1000 м2 | D65: =E65/B65 -> 1204.9248 | E65: 1282.04
A66: Обслуживание и текущий ремонт электрооборудования жилых домов
A67: Обслуживание и текущий ремонт электрооборудования жилых домов | B67: По договору | C67: руб. | D67: =E67 -> 4001.16 | E67: 4001.16
A68: Обслуживание газового оборудования
A69: Техобслуживание газового оборудования | B69: По договору | C69: 16 стояков | D69: =E69 -> 1910 | E69: 1910
A70: Обслуживание ОДПУ
A71: Техническое обслуживание ОДПУ | B71: По договору | C71: руб. | D71: =E71 -> 3600 | E71: 3600
A72: Техническое обслуживание ОДПУ (корректировка за 2020г.) | B72: По договору | C72: руб. | D72: =E72 -> -7500 | E72: -7500
A73: Расходы на истребование задолженности по оплате жилых помещений. Содержание информационных систем
A74: Содержание информационных систем, обеспечивающих сбор, обработку и хранение данных | B74: По факту | C74: руб. | D74: =E74 -> 243.2 | E74: 243.2
A75: Тех.обследование стен и перекрытий в подъездах
A76: Тех.обследование строительных конструкций (стен и перекрытий в подъездах) | B76: По факту | C76: руб. | D76: =E76 -> 30000 | E76: 30000 | F76: =SUM(E17:E76) -> 146573.11 | G76: 154073.11
A77: Услуги по управлению МКД | G77: -7500
A78: Услуги по управлению МКД | B78: Ежедневно | C78: руб. | D78: =E78 -> 21985.966 | E78: =SUM(E17:E76)*15% -> 21985.966 | G78: =SUM(G76:G77) -> 146573.11
A79: Итого: | E79: =F76+E78 -> 168559.08
A82: 2. Всего за период с "01"января 2021 г. по "31"декабря 2021 г. выполнено работ на общую сумму | E82: =E79 -> 168559.08
A83: Сто шестьдесят восемь тысяч пятьсот пятьдесят девять рублей 08 копеек.
A84: 3. Работы (услуги) выполнены (оказаны) полностью, в установленные сроки, с надлежащим качеством.
A85: 4. Претензий по выполнению условий Договора Стороны друг к другу не имеют.
A86: Настоящий акт составлен в 2-х экземплярах, имеющих одинаковую юридическую силу, по одному для каждой из Сторон.
A88: Подписи Сторон:
A89: Исполнитель - Директор ООО "ТРЭК", Плотников А.А.
A90: ____________________________________________________ ____________________________________
D91: (подпись)
A93: Заказчик - ________________________________________ __________________________________
D94: (подпись)
